 Dungeon Crawl Stone Soup version 0.28-a0-511-gcc94558de3 (webtiles) character file.

Game seed: 5243259506146723282

777 Rennog the Skirmisher (level 7, 0/60 HPs)
             Began as a Demonspawn Fighter on Sept 21, 2021.
             Slain by an acid dragon (4 damage)
             ... on level 5 of the Dungeon.
             The game lasted 00:03:55 (4280 turns).

Rennog the Skirmisher (Demonspawn Fighter)          Turns: 4280, Time: 00:03:56

Health: 0/60       AC:  6    Str: 18    XL:     7   Next: 54%
Magic:  7/7        EV:  8    Int: 10    God:
Gold:   227        SH:  8    Dex: 12    Spells: 6/6 levels left

rFire   . . .      SeeInvis .   a - +0 rapier
rCold   . . .      Faith    .   c - +0 buckler
rNeg    . . .      Spirit   .   l - +0 chain mail
rPois   .          Reflect  .   (no helmet)
rElec   .          Harm     .   (no cloak)
rCorr   .          Rampage  .   (no gloves)
Will    .....                   (no boots)
Stlth   ..........              h - amulet of the acrobat
HPRegen 0.20/turn               (no ring)
MPRegen 0.10/turn               (no ring)

@: mighty, corroded
A: hooves 1, yellow scales 1, spiny 1, condensation shield
a: no special abilities


You were on level 5 of the Dungeon.
You visited 1 branch of the dungeon, and saw 5 of its levels.

You collected 227 gold pieces.

Inventory:

Hand Weapons
 a - a +0 rapier (weapon)
Armour
 b - a +0 scale mail
 c - a +0 buckler (worn)
 l - a +0 chain mail (worn)
Jewellery
 h - an amulet of the acrobat (around neck)
 i - a ring of protection from fire
 n - an amulet of guardian spirit
 p - a ring of positive energy
Wands
 o - a wand of flame (14)
Scrolls
 e - 2 scrolls of magic mapping {unknown}
 f - a scroll of blinking {unknown}
 g - a scroll of fog {unknown}
 j - a scroll of acquirement {unknown}
 k - 6 scrolls of identify {unknown}
Potions
 d - a potion of might
 m - 2 potions of degeneration {unknown}


   Skills:
 * Level 7.5 Fighting
 - Level 1.7 Short Blades
 - Level 2.6 Armour
 + Level 4.2 Dodging
 - Level 2.6 Shields


You had 6 spell levels left.
You didn't know any spells.
Your spell library contained the following spells:

 Spells                   Type           Power      Damage    Failure   Level
 Blink                    Tloc           N/A        N/A       100%        2
 Corpse Rot               Necr/Air       N/A        N/A       100%        2
 Lesser Beckoning         Tloc           0%         N/A       100%        3
 Dispel Undead            Necr           0%         3d6       100%        4
 Fulminant Prism          Conj/Hex       0%         3d6       100%        4
 Iskenderun's Mystic Bla  Conj/Tloc      0%         2d3       100%        4
 Lee's Rapid Deconstruct  Erth           0%         3d5*      100%        5
 Manifold Assault         Tloc           0%         N/A       100%        5
 Death Channel            Necr           0%         N/A       100%        6


Dungeon Overview and Level Annotations

Branches:
Dungeon (5/15)
 Temple: D:4-7

Altars:
Cheibriados
Trog
Xom
Yredelemnul

Shops:
D:1 *


Innate Abilities, Weirdness & Mutations

You have large cloven feet.
You are partially covered in yellow scales. (AC +2)
You are partially covered in sharp spines.
A meltable shield of frost defends you. (SH +4)


Message History

You hit the acid dragon but do no damage.
You kick the acid dragon, but do no damage.
The acid dragon is moderately wounded.
The acid dragon barely misses you.
The acid dragon claws you but does no damage.
The acid dragon bites you but does no damage.
The acid dragon barely misses you.
You hit the acid dragon.
The acid dragon is moderately wounded.
You block the acid dragon's attack.
The acid dragon claws you but does no damage.
You hit the acid dragon.
The acid dragon is heavily wounded.
The acid dragon spits acid at you. The splash of acid hits you!
The acid corrodes you!
You closely miss the acid dragon. Your kick misses the acid dragon.
The acid dragon is heavily wounded.
The acid dragon closely misses you. You block the acid dragon's attack.
You barely miss the acid dragon. Your kick misses the acid dragon.
The acid dragon is heavily wounded.
The acid dragon bites you. The acid dragon barely misses you.
You hit the acid dragon.
The acid dragon is severely wounded.
The acid dragon is struck by your spines.
The acid dragon closely misses you. You block the acid dragon's attack.
You closely miss the acid dragon.
You kick the acid dragon, but do no damage.
The acid dragon is severely wounded.
The acid dragon spits acid at you. The splash of acid hits you!!
* * * LOW HITPOINT WARNING * * *
Unknown command.
You feel very mighty all of a sudden. You block the acid dragon's attack.
The acid dragon barely misses you.
You hit the acid dragon but do no damage.
You kick the acid dragon.
The acid dragon is almost dead.
The acid dragon barely misses you. x2; You block the acid dragon's attack.
The acid dragon claws you.
You die...

#.# #.# # ##.###.####
#.####.##... #...#......
#........... ............
#..###.##..# ##...#..####
#..# #.##.># ##.##......
#..###.#...# ......(....
#........#.#####...##.#####
##.###............ #. # #.#
#....@D.....# #. # #.#
###.#.#####.# #. # #†#
#.#.# # #.# ##.#.# #.#####
#.####....# .......
#.........# #######
######...## ##.....#
#######


You could see an acid dragon (catching breath).

Vanquished Creatures
  Eustachio (D:5)
  A necrophage (D:5)
  A sky beast (D:5)
  2 centaurs
  A water moccasin skeleton (D:5)
  A howler monkey (D:4)
  A hound (D:4)
  A jelly (D:4)
  Terence (D:3)
  2 hound zombies (D:4)
  A hound skeleton (D:4)
  A howler monkey skeleton (D:4)
  4 adders
  A worm (D:5)
  A dart slug (D:2)
  6 ball pythons (D:1)
  3 bats (D:1)
  3 endoplasms (D:1)
  2 giant cockroaches
  3 goblins (D:2)
  6 hobgoblins
  3 jackals (D:1)
  3 quokkas
  6 frilled lizards
  4 kobolds
  7 rats (D:1)
66 creatures vanquished.

Notes
Turn   | Place    | Note
-------+----------+-------------------------------------------
     0 | D:1      | Rennog the Demonspawn Fighter began the quest for the Orb.
     0 | D:1      | Reached XP level 1. HP: 18/18 MP: 1/1
    62 | D:1      | Gained mutation: You are partially covered in yellow
                  | scales. (AC +2) [demonic ancestry]
    62 | D:1      | Reached XP level 2. HP: 19/24 MP: 2/2
   197 | D:1      | Found Sussy's Assorted Antiques.
   258 | D:1      | Reached skill level 1 in Dodging
   766 | D:1      | Gained mutation: A meltable shield of frost defends you.
                  | (SH +4) [demonic ancestry]
   766 | D:1      | Reached XP level 3. HP: 30/30 MP: 3/3
  1057 | D:2      | Reached skill level 4 in Fighting
  1371 | D:2      | Found a shimmering altar of Xom.
  1546 | D:2      | Found a faded altar of an unknown god.
  2302 | D:3      | Noticed Terence
  2322 | D:3      | Killed Terence
  2323 | D:3      | Gained mutation: You are partially covered in sharp spines.
                  | [demonic ancestry]
  2323 | D:3      | Reached XP level 4. HP: 27/38 MP: 4/4
  2899 | D:4      | Noticed a centaur
  2915 | D:4      | Killed a centaur
  2916 | D:4      | Reached skill level 5 in Fighting
  2916 | D:4      | Gained mutation: You have large cloven feet. [demonic
                  | ancestry]
  2916 | D:4      | Reached XP level 5. HP: 23/44 MP: 5/5
  3276 | D:4      | Reached XP level 6. HP: 52/52 MP: 6/6
  3413 | D:4      | Found a snail-covered altar of Cheibriados.
  3413 | D:4      | Found a bloodstained altar of Trog.
  3476 | D:4      | Reached skill level 6 in Fighting
  3494 | D:4      | Found a basalt altar of Yredelemnul.
  3582 | D:4      | Identified the +0 ring mail of the First Snow {rPois Int+3}
  3660 | D:5      | Entered Level 5 of the Dungeon
  3685 | D:5      | Noticed Eustachio
  3711 | D:5      | Killed Eustachio
  3712 | D:5      | Reached XP level 7. HP: 14/59 MP: 7/7
  3981 | D:5      | Reached skill level 7 in Fighting
  4280 | D:5      | Slain by an acid dragon

Illustrated notes

Levels and vault maps discovered:
D:1:      saegor_arrival_miasma, layout_basic, serial_shops,
          nicolae_shop_overgrown_old_shop, minmay_misc_feat_roman,
          hangedman_decor_points, kennysheep_small_spiral
D:2:      layout_basic, ebering_ecumenical_altar_petrified, basic_altar
D:3:      layout_basic, serial_bayou_pond_e, uniq_terence
D:4:      layout_rooms, gammafunk_temple_overflow_wave,
          lemuel_zombie_altar_yredelemnul
D:5:      layout_loops_ring, gammafunk_temple_overflow_elements, uniq_eustachio

Skill      XL: |  1  2  3  4  5  6  7 |
---------------+----------------------+-----
Dodging        | 1 2 3 4 |  4.2
Fighting       | 4 5 6 7 |  7.5
Short Blades   | |  1.7
Armour         | |  2.6
Shields        | |  2.6

Action                   |  1- 3 |  4- 6 |  7- 9 || total
-------------------------+-------+-------+-------++-------
Melee: Rapier            |   143 |    73 |    40 ||   256
       Kick              |       |    25 |    15 ||    40
  Use: Potion            |       |       |     1 ||     1
Armor: Scale mail        |    41 |       |       ||    41
       Chain mail        |     7 |    43 |    17 ||    67
Dodge: Dodged            |    44 |    38 |    20 ||   102
Block: Buckler           |    48 |    27 |    19 ||    94

Table legend: (Time is in decaauts)
 A = Elapsed time spent in this place.
 B = Non-inter-level travel time spent in this place.
 C = Inter-level travel time spent in this place.
 D = Time resting spent in this place.
 E = Time spent auto-exploring this place.
 F = Levels seen in this place.
 G = Mean time per level.
                   A        B        C        D        E       F      G
               +--------+--------+--------+--------+--------+-----+--------+
         Total |   4317 |   4163 |    154 |      0 |   3602 |   5 |  863.4 |
       Dungeon |   4317 |   4163 |    154 |      0 |   3602 |   5 |  863.4 |
               +--------+--------+--------+--------+--------+-----+--------+

Top non-repeatable levels by time:
     D:2: 1165 daAuts
     D:1: 987 daAuts
     D:4: 774 daAuts
     D:3: 760 daAuts
     D:5: 628 daAuts
